 Dungeon Crawl Stone Soup version 0.27.1 (webtiles) character file.

Game seed: 5379428927003124884

7 Kala the Scratcher (level 1, 0/9 HPs)
             Began as a Felid Transmuter on Sept 1, 2021.
             Slain by a hobgoblin (3 damage)
             ... on level 1 of the Dungeon.
             The game lasted 00:01:16 (448 turns).

Kala the Scratcher (Felid Transmuter)                Turns: 448, Time: 00:01:17

Health: 0/9        AC:  1    Str:  6    XL:     1   Next: 91%
Magic:  4/4        EV: 17    Int: 14    God:
Gold:   35         SH:  0    Dex: 16    Spells: 3/4 levels left
                                        Lives:  0   Deaths: 0

rFire    . . .     SeeInvis +     - Unarmed
rCold    . . .     Faith    .   (shield unavailable)
rNeg     . . .     Spirit   .   (armour unavailable)
rPois    .         Reflect  .   (helmet unavailable)
rElec    .         Harm     .   (cloak unavailable)
rCorr    .         Rampage  .   (gloves unavailable)
Will     .....                  (boots unavailable)
Stlth    +.........             (no amulet)
HPRegen  0.03/turn              (no ring)
MPRegen  0.09/turn              (no ring)

@: appendages (expiring), quick
A: horns 2, very small, claws 1, fangs 3, see invisible, speed 1, shaggy fur 1,
stealthy paws, no weapons or thrown items, no armour, multi-lived
a: End Transformation


You were on level 1 of the Dungeon.
You had temporarily grown beastly horns.
You visited 1 branch of the dungeon, and saw 1 of its levels.

You collected 35 gold pieces.

Inventory:

Scrolls
 b - a scroll of identify {unknown}
Potions
 a - a potion of berserk rage {unknown}


   Skills:
 + Level 1.0 Fighting
 + Level 2.6 Dodging
 + Level 3.3 Unarmed Combat
 + Level 2.2 Spellcasting
 * Level 2.2 Transmutations


You had 3 spell levels left.
You knew the following spells:

 Your Spells              Type           Power      Damage    Failure   Level
a - Beastly Appendage     Tmut           14%        N/A       10%         1

Your spell library contained the following spells:

 Spells                   Type           Power      Damage    Failure   Level
 Wereblood                Tmut           7%         N/A       14%         2
 Spider Form              Tmut/Pois      2%         N/A       41%         3
 Ice Form                 Ice/Tmut       4%         N/A       82%         4


Dungeon Overview and Level Annotations

Branches:
Dungeon (1/15)

Altars:


Innate Abilities, Weirdness & Mutations

You have temporarily grown beastly horns.
You have sharp claws.
You have razor-sharp teeth.
You have supernaturally acute eyesight. (SInv)
You cover ground quickly. (Speed+)
You are covered in fur. (AC +1)
Your paws help you pounce on unaware monsters.
You are incapable of wielding weapons or throwing items.
You cannot wear armour.
You gain extra lives every three experience levels.


Message History

The hobgoblin is almost dead.
The hobgoblin hits you.
You claw the hobgoblin!
You kill the hobgoblin!
A rat is nearby!
A rat is nearby!
A hobgoblin comes into view.
Found 8 arrows.
The hobgoblin shouts!
The rat misses you.
The hobgoblin moves out of view.
You scratch the rat.
You kill the rat!
A hobgoblin comes into view.
Casting: Beastly Appendage (safe; 10% risk of failure)
Confirm with . or Enter, or press ? or * to list all spells.
You extend your transformation's duration.
The hobgoblin hits you.
You are too injured to fight recklessly!
You are too injured to fight recklessly!
You are too injured to fight recklessly!
You are too injured to fight recklessly!
You are too injured to fight recklessly!
You scratch the hobgoblin but do no damage.
Your headbutt misses the hobgoblin.
Your transformation is almost over.
The hobgoblin misses you.
You barely miss the hobgoblin. The hobgoblin completely misses you.
You closely miss the hobgoblin. The hobgoblin closely misses you.
You barely miss the hobgoblin. You barely miss the hobgoblin.
The hobgoblin closely misses you.
You scratch the hobgoblin. Your headbutt misses the hobgoblin.
The hobgoblin is moderately wounded.
The hobgoblin barely misses you.
You closely miss the hobgoblin.
The hobgoblin is moderately wounded.
The hobgoblin closely misses you.
You scratch the hobgoblin but do no damage.
The hobgoblin is moderately wounded.
The hobgoblin hits you.
You die...

##...##############
#....+.............
#....#######...####
####>.................
#.....#########...####
#...†.### ### #...#
###.......# ..# #...#
........#.#...# #...#
###....@#.+...# #...#
######gg....# #####
#......# ......#...###
#+###.#...# #.#.....
#..#(.... ... .....#
... .......


You could see 2 hobgoblins.

Vanquished Creatures
  A bat (D:1)
  An endoplasm (D:1)
  2 hobgoblins (D:1)
  A kobold (D:1)
  2 rats (D:1)
7 creatures vanquished.

Notes
Turn   | Place    | Note
-------+----------+-------------------------------------------
     0 | D:1      | Kala the Felid Transmuter began the quest for the Orb.
     0 | D:1      | Reached XP level 1. HP: 9/9 MP: 4/4
   448 | D:1      | Slain by a hobgoblin

Illustrated notes

Levels and vault maps discovered:
D:1:      ncdulo_wetmaze, layout_basic, shapermc_ecumenical_altar_mp_vishouse

Action                   || total
-------------------------++-------
Melee: Unarmed           ||    20
       Headbutt          ||     1
       Bite              ||     1
 Cast: Beastly Appendage ||     6
Dodge: Dodged            ||    12
